 Dungeon Crawl Stone Soup version 0.17-a0-1805-g6093636 (webtiles) character file.

157 Gorice the Chiller (level 5, -2/35 HPs)
             Began as a Vampire Wanderer on Sept 12, 2015.
             Was a Believer of Yredelemnul.
             Slain by a centaur (4 damage)
             ... on level 3 of the Dungeon.
             The game lasted 00:11:04 (2819 turns).

Gorice the Chiller (Vampire Wanderer)               Turns: 2819, Time: 00:11:04

Health: -2/35      AC:  3    Str: 10    XL:     5   Next: 15%
Magic:  8/9        EV: 13    Int: 19    God:    Yredelemnul [**....]
Gold:   143        SH:  0    Dex: 14    Spells: 2 memorised, 7 levels left

rFire  . . .     SeeInvis +     a - +1 dagger (freeze)
rCold  . . .     Clarity  .     d - +0 robe
rNeg   + . .     SustAt   .     (no shield)
rPois  .         Gourm    .     (no helmet)
rElec  .         Spirit   .     g - +0 cloak
rCorr  .         Warding  .     (no gloves)
rMut   .         Stasis   .     (no boots)
MR     .....                    q - amulet of regeneration
Stlth  +++.......               t - +3 ring of intelligence
                                Y - +1 ring of evasion

@: not resistant to hostile enchantments, fairly stealthy
A: fangs 3, see invisible, unbreathing
a: Bat Form, Animate Remains, Recall Undead Slaves, Injury Mirror, Renounce
Religion


You were on level 3 of the Dungeon.
You worshipped Yredelemnul.
Yredelemnul was pleased with you.
You were not thirsty.

You visited 1 branch of the dungeon, and saw 3 of its levels.

You collected 143 gold pieces.

Inventory:

Hand weapons
 a - a +1 dagger of freezing (weapon)
   (You took it off a kobold on level 1 of the Dungeon)
 b - a +0 falchion
 e - a +0 dagger
 j - a +0 hunting sling
 u - a +1 dagger of protection
   (You found it on level 3 of the Dungeon)
 x - a +0 long sword
 B - a +0 blowgun
Missiles
 n - 19 poisoned needles
 Z - 67 stones (quivered)
Armour
 d - a +0 robe (worn)
 g - a +0 cloak (worn)
 i - a +0 shield
 o - a +0 scale mail
 w - a +0 ring mail
Jewellery
 q - an amulet of regeneration (around neck)
 t - a +3 ring of intelligence (right hand)
 Y - a +1 ring of evasion (left hand)
Magical devices
 v - a wand of disintegration (10)
Scrolls
 l - a scroll of remove curse
 p - a scroll of immolation {unknown}
Potions
 c - a potion of curing
 f - 33 potions of blood
 h - a potion of agility {unknown}
 k - 2 potions of might {!q}
 s - 2 potions of cancellation {!q}
Books
 m - a book of Frost
 r - a book of Death


   Skills:
 - Level 1.1 Dodging
 - Level 4.4 Stealth
 - Level 1.1 Unarmed Combat
 + Level 3.3 Spellcasting
 * Level 5.1 Ice Magic


You had 7 spell levels left.
You knew the following spells:

 Your Spells              Type           Power        Failure   Level  Hunger
a - Freeze                Ice            ###.         1%          1    None
b - Throw Frost           Conj/Ice       ##....       10%         2    ##.....


Dungeon Overview and Level Annotations

Branches:
Dungeon (3/15)

Altars:
Ashenzari
Dithmenos
Gozag
Ru
Sif Muna
Yredelemnul


Innate Abilities, Weirdness & Mutations

You have razor-sharp teeth.
You have supernaturally acute eyesight.
You can survive without breathing.


Message History

You feel better. The centaur barely misses you.
Unknown command.
Casting: Freeze
Confirm with . or Enter, or press ? or * to list all spells.
Aiming: Freeze
Press: ? - help, Shift-Dir - straight line, f/p - centaur
Aim: a centaur (lightly wounded)
You freeze the centaur.
The centaur is lightly wounded.
The centaur hits you.
* * * LOW HITPOINT WARNING * * *
The centaur hits you.
* * * LOW HITPOINT WARNING * * *
Damage: 11 (max 19) Drink which item? (? for menu, Esc to quit)
You feel better. The centaur hits you.
* * * LOW HITPOINT WARNING * * *
Unknown command.
You hit the centaur. You freeze the centaur.
The centaur is moderately wounded.
The centaur hits you.
* * * LOW HITPOINT WARNING * * *
The centaur misses you.
Damage: 5 (max 19)
You hit the centaur. You freeze the centaur.
The centaur is heavily wounded.
The centaur hits you but does no damage.
You hit the centaur but do no damage.
The centaur is heavily wounded.
The centaur hits you.
* * * LOW HITPOINT WARNING * * *
The centaur hits you.
* * * LOW HITPOINT WARNING * * *
Damage: 4 (max 19)
You hit the centaur. You freeze the centaur.
The centaur is severely wounded.
The centaur closely misses you.
Unknown command.
You hit the centaur but do no damage.
The centaur is severely wounded.
The centaur hits you.
* * * LOW HITPOINT WARNING * * *
The centaur barely misses you.
Damage: 1 (max 19) Unknown command.
You hit the centaur. You freeze the centaur.
The centaur is almost dead.
The centaur hits you.
You die...
Yredelemnul claims you as an undead slave.

#.# #.#.......... ... #.#
#.#.############.. #.#
#.#)...........#.. #.#
##.############.#.. #.#
##...## #....
##.####.....## ..........
#............##.######....
#?.##..((.......# .......
#...####.@c#.... ###..#.
#.........#...>.. #..#.
#...######.#..... #..##
#.### .# .... ...# #. .#
... #. .# .. .# . .#


You could see a centaur.

Vanquished Creatures
  Terence (D:2)
  An orc wizard (D:3)
  4 adders
  A worm (D:2)
  2 giant geckos
  3 orcs (D:3)
  A ball python (D:2)
  9 goblins
  7 hobgoblins
  6 kobolds
  A quokka (D:2)
  7 bats
  4 giant cockroaches (D:1)
  6 giant newts
  8 jackals
  10 rats
71 creatures vanquished.

Notes
Turn   | Place    | Note
--------------------------------------------------------------
     0 | D:1      | Gorice the Vampire Wanderer began the quest for the Orb.
     0 | D:1      | Gorice set off with: a book of Frost, a +0 falchion, a potion of curing, a +0 robe, a +0 dagger, a potion of blood
     0 | D:1      | Reached XP level 1. HP: 13/13 MP: 3/3
     2 | D:1      | Learned a level 1 spell: Freeze
   247 | D:1      | Reached XP level 2. HP: 10/19 MP: 3/5
   503 | D:1      | HP: 5/19 [kobold/dagger of freezing (4)]
  1329 | D:1      | Reached XP level 3. HP: 13/24 MP: 6/6
  1515 | D:1      | Learned a level 2 spell: Throw Frost
  1517 | D:2      | Found a shadowy altar of Dithmenos.
  1591 | D:2      | Found a shattered altar of Ashenzari.
  1632 | D:2      | Found a deep blue altar of Sif Muna.
  1699 | D:2      | Noticed Terence
  1728 | D:1      | Reached skill level 4 in Ice Magic
  1838 | D:2      | Killed Terence
  1838 | D:2      | Reached skill level 3 in Spellcasting
  1838 | D:2      | Reached XP level 4. HP: 22/30 MP: 1/8
  1959 | D:2      | Found a faded altar to an unknown god.
  2006 | D:2      | Became a worshipper of Yredelemnul the Dark
  2006 | D:2      | Acquired Yredelemnul's first power
  2346 | D:2      | Found a sacrificial altar of Ru.
  2444 | D:3      | Found an opulent altar of Gozag.
  2614 | D:3      | Reached skill level 5 in Ice Magic
  2614 | D:3      | Reached XP level 5. HP: 28/35 MP: 5/9
  2687 | D:3      | Acquired Yredelemnul's second power
  2803 | D:3      | Noticed a centaur
  2808 | D:3      | HP: 9/35 [centaur/poisoned arrow (18)]
  2812 | D:3      | HP: 4/35 [centaur (6)]
  2816 | D:3      | HP: 1/35 [centaur (1)]
  2819 | D:3      | Slain by a centaur

Vault maps used:
D:1:      erik_arrival_blinker_ship
D:2:      nicolae_overflow_crystal_walls,
          nicolae_dithmenos_through_a_glass_darkly,
          nicolae_ashenzari_panopticon, nicolae_ru_the_path_less_chosen,
          ecumenical_altar_1, uniq_terence
D:3:      old_standard_altar

Action                   |  1- 3 |  4- 6 || total
-------------------------+-------+-------++-------
Melee: Falchion          |    29 |       ||    29
       Dagger            |    70 |   113 ||   183
 Fire: Blowgun           |       |     2 ||     2
 Cast: Freeze            |    16 |    12 ||    28
  Use: Potion            |     3 |     5 ||     8
       Scroll            |     2 |     3 ||     5
 Stab: Sleeping          |     7 |     3 ||    10

Table legend:
 A = Turns spent in this place as a percentage of turns spent in the entire game.
 B = Non-inter-level travel turns spent in this place as a percentage of non-inter-level travel turns spent in the entire game.
 C = Inter-level travel turns spent in this place as a percentage of turns spent in this place.
 D = Turns resting spent in this place as a percentage of non-inter-level travel turns spent in this place.
 E = Turns spent auto-exploring this place as a percentage of non-inter-level travel turns spent in this place.
 F = Non-inter-level travel turns spent in this place divided by the number of levels of this place that you've seen.
                   A       B       C       D       E      F
               +-------+-------+-------+-------+-------+----------------------
         Total | 100.0 | 100.0 |   0.2 |   2.1 |   4.3 | 355.7
       Dungeon | 100.0 | 100.0 |   0.2 |   2.1 |   4.3 | 355.7
               +-------+-------+-------+-------+-------+----------------------

Vault maps used:
D:1:      erik_arrival_blinker_ship
D:2:      nicolae_overflow_crystal_walls,
          nicolae_dithmenos_through_a_glass_darkly,
          nicolae_ashenzari_panopticon, nicolae_ru_the_path_less_chosen,
          ecumenical_altar_1, uniq_terence
D:3:      old_standard_altar
